AoeStats
← noob

Coastal Forest

503194903Analyzed
4v4 RM · 1mo ago on Aug 30, 2026· 16m 42s· 8 players
Game mode
Random Map
Map size
Large (8 player)
Population
200
Speed
Normal
Resources
Standard
Victory
Conquest
Starting age
Dark Age
Ending age
Imperial Age
RankedLock teamsTeams togetherTeam positionsShared explorationLock speedFull tech treeHidden civsTurbo modeCheats
Victory
Defeat
🇺🇸 Wu · United States
1540
+13
🇩🇪 Tupi · Germany
1510
+14
🇨🇳 Georgians · China
1501
+15
🇫🇷 Turks · France
1376
+20
🇹🇷 Byzantines · Türkiye
1504
-17
🇫🇮 Goths · Finland
1479
-16
🇹🇷 Chinese · Türkiye
1461
-15
🇩🇪 Lithuanians · Germany
1446
-14
imenek
0:34 Loom
8:51 Feudal Age
9:29 Double-Bit Axe
9:24 Horse Collar
Burgeri
10:22 Feudal Age
10:15 Loom
11:36 Fishing Lines
12:29 Town Watch
18:42 Castle Age
noob
10:25 Feudal Age
11:13 Loom
11:32 Double-Bit Axe
15:57 Castle Age
15:40 Scale Barding Armor
hirax34
6:03 Loom
9:04 Feudal Age
9:51 Double-Bit Axe
13:56 Fletching
16:46 Padded Archer Armor
Boucaruto
6:39 Loom
9:21 Feudal Age
10:30 Double-Bit Axe
13:44 Fletching
M*rpheu$
9:44 Feudal Age
9:47 Champi Runner
14:42 Loom
Juan Whick
8:09 Loom
10:33 Feudal Age
11:00 Fishing Lines
14:51 Double-Bit Axe
17:15 Castle Age
第一滴血
10:15 Feudal Age
14:26 Castle Age
15:28 Loom
Connection lost

Rejoining the realm…

Still unreachable

The connection could not be restored.

Session expired

The server has moved on; the page needs a fresh start.